AoeStats
← Spazjackal

Arabia

510610562Analyzed
1v1 RM · 2d ago on Oct 1, 2026· 30m 9s· 2 players
Game mode
Random Map
Map size
Tiny (2 player)
Population
200
Speed
Normal
Resources
Standard
Victory
Conquest
Starting age
Dark Age
Ending age
Imperial Age
RankedLock teamsTeams togetherTeam positionsShared explorationLock speedFull tech treeHidden civsTurbo modeCheats
Victory
Defeat
🇺🇸 Inca · United States
819
+17
🇺🇸 Mongols · United States
836
-17
Galaxy
6:56 Loom
10:26 Feudal Age
11:40 Double-Bit Axe
13:41 Horse Collar
18:14 Fletching
19:09 Wheelbarrow
23:35 Castle Age
23:06 Scale Mail Armor
23:17 Forging
25:02 Arson
25:43 Heavy Plow
26:06 Crossbowman
27:58 Iron Casting
27:25 Bodkin Arrow
28:39 Hand Cart
29:16 Pikeman
30:03 Elite Skirmisher
Spazjackal
9:01 Loom
11:26 Feudal Age
12:00 Double-Bit Axe
13:43 Wheelbarrow
14:43 Town Watch
16:07 Scale Barding Armor
17:33 Forging
17:13 Horse Collar
20:09 Bloodlines
23:30 Fletching
25:48 Castle Age
24:33 Stone Mining
24:35 Gold Mining
26:03 Light Cavalry
27:46 Bow Saw
28:58 Town Patrol
29:08 Husbandry
Connection lost

Rejoining the realm…

Still unreachable

The connection could not be restored.

Session expired

The server has moved on; the page needs a fresh start.